 Dungeon Crawl Stone Soup version 0.30-a0-137-gd8773701ce (webtiles) character file.

Game seed: 17787882996618303757

312 Sobieck the Caller (level 6, 0/36 HPs)
             Began as an Octopode Summoner on Sept 23, 2022.
             Slain by a centaur zombie (2 damage)
             ... on level 3 of the Dungeon.
             The game lasted 00:08:37 (4029 turns).

Sobieck the Caller (Octopode Summoner)              Turns: 4029, Time: 00:08:38

Health: 0/36       AC:  1    Str:  7    XL:     6   Next: 42%
Magic:  6/9        EV: 13    Int: 20    God:
Gold:   187        SH:  0    Dex: 12    Spells: 0/9 levels left

rFire   . . .      SeeInvis .    e - +0 dagger {short}
rCold   . . .      Faith    .    (no shield)
rNeg    . . .      Spirit   .    (helmet restricted)
rPois   .          Reflect  .    (no amulet)
rElec   .          Harm     .    h - ring of flight
rCorr   .          Rampage  .    w - ring of wizardry
Will    .....                    (no ring)
Stlth   +++.......               (no ring)
HPRegen 0.12/turn                (no ring)
MPRegen 0.11/turn                (no ring)
                                 (no ring)
                                 (no ring)

@: flying
A: almost no armour, amphibious, 8 rings, camouflage 1, gelatinous body 1,
(nimble swimmer 1), tentacles
a: no special abilities


You were on level 3 of the Dungeon.
You visited 1 branch of the dungeon, and saw 3 of its levels.

You collected 187 gold pieces.


Innate Abilities, Weirdness & Mutations

You cannot wear most types of armour.
You are amphibious.
You can wear up to eight rings at the same time.
Your skin changes colour to match your surroundings (Stealth+).
Your rubbery body absorbs attacks. (AC +1, EV +1)
((You are camouflaged when in or above water. (Stealth+)))
You have tentacles for arms and can constrict up to eight enemies at once.


   Skills:
 - Level 2.0 Dodging
 - Level 2.6 Stealth
 - Level 2.0 Spellcasting
 + Level 7.5 Summonings


You couldn't memorise any spells.
You knew the following spells:

 Your Spells              Type           Power      Damage    Failure   Level
a - Call Imp              Summ           32%        N/A       1%          2
b - Summon Small Mammal   Summ           100%       N/A       1%          1
c - Call Canine Familiar  Summ           32%        N/A       1%          3
d - Summon Guardian Gole  Hex/Summ       17%        N/A       4%          3

Your spell library contained the following spells:

 Spells                   Type           Power      Damage    Failure   Level
 Summon Lightning Spire   Summ/Air       17%        N/A       13%         4

Inventory:

Hand Weapons
 e - a +0 dagger (weapon) {short}
   (You took it off a goblin on level 1 of the Dungeon)
 l - a +0 rapier {short}
   (You found it on level 1 of the Dungeon)
 v - a +1 dagger of chaos {short}
   (You took it off a crimson imp on level 3 of the Dungeon)
Missiles
 b - 10 javelins {throwing}
 k - 41 stones {throwing}
 n - 8 boomerangs {throwing}
 u - 2 poisoned darts {throwing}
 x - 2 throwing nets {=f!fthrowing}
Jewellery
 h - a ring of flight (left tentacle)
   (You found it on level 1 of the Dungeon)
 w - a ring of wizardry (right tentacle)
   (You found it on level 3 of the Dungeon)
Scrolls
 d - a scroll of blinking {unknown}
 i - 2 scrolls of enchant weapon {unknown}
 j - 6 scrolls of identify {unknown}
 m - a scroll of fear {unknown}
 s - a scroll of amnesia {unknown}
Potions
 a - a potion of magic
 c - a potion of berserk rage {unknown}
 f - a potion of brilliance {unknown}
 g - 2 potions of heal wounds {unknown}
 o - a potion of ambrosia {unknown}
 p - 3 potions of attraction {unknown}
 q - 2 potions of degeneration {unknown}
 r - 2 potions of mutation {unknown}
 t - 2 potions of lignification {unknown}
 z - a potion of curing {unknown}

Dungeon Overview and Level Annotations

Branches:
Dungeon (3/15) Zot: 13968

Altars:
Makhleb
Xom

#.#########.####
######.## #.#
#.......# #.#
#.......########.#
#................#
#.......##########
#.......#
#.......#
#...@...#
#..~Z########
#.~~.~~h.~~~##
###~~≈≈≈≈≈≈~.# ###
#########..# ##..
##≈≈≈≈≈≈..# #..#
##~.†..h~~## #.##
#..≈≈≈≈≈≈## ##.#
#..######### #..#


You could see a centaur zombie.


Message History

The hound zombie bites your guardian golem but does no damage.
The centaur zombie barely misses your guardian golem.
The centaur zombie kicks your guardian golem.
The hound zombie bites your guardian golem but does no damage.
Unknown command.
The centaur zombie hits your guardian golem but does no damage.
The centaur zombie kicks your guardian golem.
The hound zombie bites your guardian golem but does no damage.
The centaur zombie hits your guardian golem but does no damage.
The centaur zombie kicks your guardian golem but does no damage.
Unknown command.
The hound zombie bites your guardian golem but does no damage.
The centaur zombie hits your guardian golem but does no damage.
The centaur zombie kicks your guardian golem but does no damage.
Unknown command.
The hound zombie bites your guardian golem but does no damage.
The centaur zombie hits your guardian golem.
The centaur zombie kicks your guardian golem but does no damage.
The hound zombie bites your guardian golem but does no damage.
Unknown command.
The centaur zombie hits your guardian golem but does no damage.
The centaur zombie kicks your guardian golem but does no damage.
The hound zombie bites your guardian golem but does no damage.
The centaur zombie hits your guardian golem but does no damage.
The centaur zombie kicks your guardian golem but does no damage.
Unknown command.
The hound zombie bites your guardian golem but does no damage.
The centaur zombie completely misses your guardian golem.
The centaur zombie kicks your guardian golem but does no damage.
Unknown command.
The hound zombie bites your guardian golem but does no damage.
The centaur zombie hits your guardian golem but does no damage.
The centaur zombie completely misses your guardian golem.
Unknown command.
The hound zombie bites your guardian golem but does no damage.
The centaur zombie hits your guardian golem but does no damage.
The centaur zombie kicks your guardian golem but does no damage.
The hound zombie bites your guardian golem but does no damage.
The centaur zombie hits your guardian golem but does no damage.
The centaur zombie kicks your guardian golem but does no damage.
Unknown command.
The hound zombie bites your guardian golem.
The centaur zombie hits your guardian golem but does no damage.
The centaur zombie kicks your guardian golem but does no damage.
Unknown command.
Your guardian golem disappears in a puff of smoke!
Unknown command.
Unknown command.
Casting: Summon Guardian Golem (dangerous; 4% risk of failure)
Confirm with . or Enter, or press ? or * to list all spells.
The hound zombie attacks as you move away!
The hound zombie bites you.
* * * LOW HITPOINT WARNING * * *
Unknown command.
You barely miss the hound zombie. You grab the hound zombie.
You constrict the hound zombie.
Your hound bites the hound zombie.
The hound zombie completely misses you.
Your hound bites the hound zombie.
Unknown command.
You barely miss the hound zombie. You constrict the hound zombie.
The hound zombie completely misses you.
Your hound bites the hound zombie.
The hound zombie is destroyed!
Unknown command.
Your hound completely misses the centaur zombie.
Your hound bites the centaur zombie.
Unknown command.
Your hound bites the centaur zombie.
The centaur zombie attacks as you move away!
The centaur zombie barely misses you. The centaur zombie closely misses you.
The centaur zombie hits you.
* * * LOW HITPOINT WARNING * * *
The centaur zombie closely misses you.
Your hound bites the centaur zombie.
Unknown command.
The centaur zombie attacks as you move away!
The centaur zombie hits you.
* * * LOW HITPOINT WARNING * * *
The centaur zombie closely misses you.
Unknown command.
The centaur zombie barely misses you. The centaur zombie closely misses you.
The centaur zombie attacks as you move away!
The centaur zombie misses you. The centaur zombie closely misses you.
The centaur zombie hits you.
* * * LOW HITPOINT WARNING * * *
The centaur zombie barely misses you.
The centaur zombie attacks as you move away!
The centaur zombie hits you.
* * * LOW HITPOINT WARNING * * *
The centaur zombie kicks you.
* * * LOW HITPOINT WARNING * * *
Your hound bites the centaur zombie.
Unknown command.
Things that are here:
a giant cockroach corpse; a quokka corpse
There is a collapsed entrance here.
The centaur zombie attacks as you move away!
The centaur zombie barely misses you. The centaur zombie misses you.
The centaur zombie hits you.
* * * LOW HITPOINT WARNING * * *
The centaur zombie kicks you.
You die...

Skill      XL: |  1  2  3  4  5 |
---------------+----------------+-----
Summonings     | 5 6 7 |  7.5
Dodging        | |  2.0
Stealth        | |  2.6
Spellcasting   | |  2.0

Action                   |  1- 3 |  4- 6 || total
-------------------------+-------+-------++-------
Melee: Unarmed           |     7 |       ||     7
       Dagger            |    41 |    85 ||   126
       Tentacles         |     9 |    20 ||    29
       Constrict         |    12 |    27 ||    39
       Punch             |       |     2 ||     2
 Cast: Summon Small Mamm |    21 |     6 ||    27
       Call Canine Famil |     3 |     7 ||    10
       Call Imp          |     2 |     5 ||     7
       Summon Guardian G |       |     3 ||     3
 Stab: Sleeping          |    12 |     4 ||    16
       Distracted        |     1 |       ||     1
Armor: Skin              |     4 |     6 ||    10
Dodge: Dodged            |    24 |    61 ||    85

Levels and vault maps discovered:
D:1:      psy_arrival_conway, layout_basic,
          hellmonk_ecumenical_altar_slurped_away, chequers_hall_statues_corner_a
D:2:      layout_loops_corners
D:3:      minmay_razor_zed, layout_basic, lemuel_zombie_altar_yredelemnul,
          grunt_temple_overflow_champion_of_chaos, gup_sewer_entry_pipe,
          uniq_terence, uniq_natasha, uniq_grinder

Notes
Turn   | Place    | Note
-------+----------+-------------------------------------------
     0 | D:1      | Sobieck the Octopode Summoner began the quest for the Orb.
     0 | D:1      | Reached XP level 1. HP: 11/11 MP: 3/3
   344 | D:1      | Reached XP level 2. HP: 12/17 MP: 3/5
   937 | D:1      | Found a faded altar of an unknown god.
  1801 | D:2      | Reached XP level 3. HP: 21/21 MP: 6/6
  1939 | D:2      | Learned a level 2 spell: Call Imp
  1943 | D:2      | Learned a level 3 spell: Call Canine Familiar
  2215 | D:3      | Reached skill level 5 in Summonings
  2542 | D:3      | Reached XP level 4. HP: 27/27 MP: 4/7
  2763 | D:3      | Found a shimmering altar of Xom.
  2764 | D:3      | Noticed Natasha
  2800 | D:3      | Killed Natasha
  2801 | D:3      | Reached skill level 6 in Summonings
  2876 | D:3      | Reached XP level 5. HP: 29/31 MP: 2/8
  2984 | D:3      | Noticed Natasha
  2994 | D:3      | Killed Natasha
  3106 | D:3      | Noticed Natasha
  3120 | D:3      | Found a burning altar of Makhleb.
  3262 | D:3      | HP: 5/31 [iron imp[Natasha] (9)]
  3525 | D:3      | Killed Natasha
  3526 | D:3      | Reached skill level 7 in Summonings
  3526 | D:3      | Reached XP level 6. HP: 25/36 MP: 5/9
  3554 | D:2      | Learned a level 3 spell: Summon Guardian Golem
  3729 | D:3      | Noticed Terence
  3749 | D:3      | Killed Terence
  4007 | D:3      | HP: 8/36 [centaur zombie (3)]
  4012 | D:3      | HP: 8/36 [centaur zombie (1)]
  4029 | D:3      | HP: 2/36 [centaur zombie (4)]
  4029 | D:3      | Slain by a centaur zombie

Vanquished Creatures
  Natasha (thrice) (D:3)
  Terence (D:3)
  A gnoll (D:3)
  A worm (D:3)
  A dart slug (D:3)
  4 orcs (D:3)
  4 ball pythons
  6 endoplasms
  4 giant cockroaches (D:3)
  3 goblins
  4 hobgoblins
  3 jackals (D:3)
  5 quokkas
  5 bats
  A frilled lizard (D:2)
  5 kobolds
  3 rats
54 creatures vanquished.

Vanquished Creatures (collateral kills)
  A crimson imp (D:3)
  A hound zombie (D:3)
  3 gnolls (D:3)
  3 adders (D:3)
  2 orcs (D:3)
  A kobold (D:1)
  A rat (D:3)
12 creatures vanquished.

Vanquished Creatures (others)
  An orc wizard (D:3)
  An orc (D:3)
2 creatures vanquished.

Grand Total: 68 creatures vanquished

Table legend:
 A = Non-vault XP
 B = Vault XP
 C = Vault XP percentage of total XP
 D = Non-vault monster count
 E = Vault monster count
 F = Vault count percentage of total count
                 A         B        C        D         E       F
            +---------+---------+-------+---------+---------+-------
      Total |     287 |     160 |  35.8 |      55 |      13 |  19.1
            +---------+---------+-------+---------+---------+-------
        D:1 |      22 |       2 |   8.3 |      14 |       1 |   6.7
        D:2 |      12 |       0 |   0.0 |       8 |       0 |   0.0
        D:3 |     253 |     158 |  38.4 |      33 |      12 |  26.7
            +---------+---------+-------+---------+---------+-------

Illustrated notes

Table legend:
 A = Kills in this place as a percentage of kills in entire the game.
 B = Kills by you in this place as a percentage of kills by you in the entire game.
 C = Kills by friends in this place as a percentage of kills by friends in the entire game.
 D = Other kills in this place as a percentage of other kills in the entire game.
 E = Experience gained in this place as a percentage of experience gained in the entire game.
 F = Experience gained in this place divided by the number of levels of this place that you have seen.
                   A       B       C       D       E      F
               +-------+-------+-------+-------+-------+----------------------
         Total | 100.0 | 100.0 | 100.0 | 100.0 | 100.0 | 149.0
       Dungeon | 100.0 | 100.0 | 100.0 | 100.0 | 100.0 | 149.0
               +-------+-------+-------+-------+-------+----------------------

Table legend: (Time is in decaauts)
 A = Elapsed time spent in this place.
 B = Non-inter-level travel time spent in this place.
 C = Inter-level travel time spent in this place.
 D = Time resting spent in this place.
 E = Time spent auto-exploring this place.
 F = Levels seen in this place.
 G = Mean time per level.
                   A        B        C        D        E       F      G
               +--------+--------+--------+--------+--------+-----+--------+
         Total |   4030 |   3934 |     96 |    908 |   2286 |   3 | 1343.3 |
       Dungeon |   4030 |   3934 |     96 |    908 |   2286 |   3 | 1343.3 |
               +--------+--------+--------+--------+--------+-----+--------+

Top non-repeatable levels by time:
     D:2: 1352 daAuts
     D:3: 1351 daAuts
     D:1: 1326 daAuts
